 Dungeon Crawl Stone Soup version 0.17-a0-1368-g6ab37f2 (webtiles) character file.

26 Medar the Stinger (level 2, 0/20 HPs)
             Began as a Vampire Venom Mage on June 12, 2015.
             Succumbed to an adder's poison
             ... on level 2 of the Dungeon.
             The game lasted 00:03:26 (823 turns).

Medar the Stinger (Vampire Venom Mage)               Turns: 823, Time: 00:03:26

Health: 0/20       AC:  2    Str:  7    XL:     2   Next: 89%
Magic:  0/5        EV: 13    Int: 17    God:
Gold:   61         SH:  0    Dex: 16    Spells: 1 memorised, 4 levels left

rFire  . . .     SeeInvis +     i - +0 hand axe
rCold  . . .     Clarity  .     a - +0 robe
rNeg   + . .     SustAt   .     (no shield)
rPois  +         Gourm    .     (no helmet)
rElec  .         Spirit   .     (no cloak)
rCorr  .         Warding  .     (no gloves)
rMut   .         Stasis   .     (no boots)
MR     .....                    (no amulet)
Stlth  +++.......               (no ring)
                                (no ring)

@: lethally poisoned (0 -> -3), very slightly contaminated, not resistant to
hostile enchantments, fairly stealthy
A: fangs 3, see invisible, agile 1, poison resistance, robust 1, unbreathing
a: no special abilities


You were on level 2 of the Dungeon.
You were not thirsty.

You visited 1 branch of the dungeon, and saw 2 of its levels.

You collected 61 gold pieces.

Inventory:

Hand weapons
 i - a +0 hand axe (weapon)
Missiles
 f - 12 poisoned needles
Armour
 a - a +0 robe (worn)
Scrolls
 d - a scroll of amnesia {unknown}
 j - a scroll of teleportation {unknown}
Potions
 c - 5 potions of blood
 g - 3 potions of brilliance
Books
 b - a Young Poisoner's Handbook

   Spells                             Type                      Level
   a - Sting                          Conjuration/Poison           1
   b - Cure Poison                    Poison                       2
   c - Mephitic Cloud                 Conjuration/Poison/Air       3
   d - Olgreb's Toxic Radiance        Poison                       4
   e - Venom Bolt                     Conjuration/Poison           5


   Skills:
 - Level 2.1 Dodging
 - Level 3.0 Stealth
 - Level 2.0 Spellcasting
 + Level 1.3 Conjurations
 - Level 4.0 Poison Magic


You had 4 spell levels left.
You knew the following spells:

 Your Spells              Type           Power        Failure   Level  Hunger
x - Sting                 Conj/Pois      ##..         10%         1    #......


Dungeon Overview and Level Annotations

Branches:
Dungeon (2/15)

Altars:


Innate Abilities, Weirdness & Mutations

You have razor-sharp teeth.
You have supernaturally acute eyesight.
You can survive without breathing.
You are agile. (Dex +2)
Your system is resistant to poisons.
You are robust (+10% HP).


Message History

Aiming: Sting
Press: ? - help, Shift-Dir - straight line, f/p - adder
Aim: an adder (severely wounded)
The sting misses the adder.
The adder closely misses you.
You slash the adder!
You kill the adder!
Your Conjurations skill increases to level 1!
* * * LOW HITPOINT WARNING * * *
You feel sick.
Read which item? (? for menu, Esc to quit)
As you read the scroll labeled JEYPPUR BIRUA, it crumbles to dust.
You hear a loud clanging noise!
It was a scroll of noise.
You hear a shout! x2
Read which item? (? for menu, Esc to quit)
Okay, then.
Memorise Cure Poison, consuming 2 spell levels and leaving 2?
You start memorising the spell.
You continue memorising.
Your memorisation is interrupted.
You die...

... ...
.... .....
##.....
.......
###.......
#.@.......
#....#+###
......#
########


There were no monsters in sight!

Vanquished Creatures
  An adder (D:2)
  2 giant geckos (D:1)
  A bat (D:1)
  4 hobgoblins (D:1)
  2 kobolds (D:1)
  A giant newt (D:1)
  2 goblins (D:1)
  2 rats (D:1)
15 creatures vanquished.

Notes
Turn   | Place    | Note
--------------------------------------------------------------
     0 | D:1      | Medar the Vampire Venom Mage began the quest for the Orb.
     0 | D:1      | Reached XP level 1. HP: 13/13 MP: 3/3
   330 | D:1      | Reached skill level 4 in Poison Magic
   348 | D:1      | Reached XP level 2. HP: 19/19 MP: 0/5
   774 | D:1      | Gained mutation: Your body sometimes deteriorates upon taking damage. [potion of mutation]
   774 | D:1      | Gained mutation: You are agile. (Dex +2) [potion of mutation]
   774 | D:1      | Gained mutation: Your system is resistant to poisons. [potion of mutation]
   775 | D:1      | Gained mutation: You are robust (+10% HP). [potion of mutation]
   775 | D:1      | Lost mutation: Your body sometimes deteriorates upon taking damage. [potion of mutation]
   820 | D:2      | Reached skill level 1 in Conjurations
   820 | D:2      | HP: 1/20 [poisoned by an adder]
   823 | D:2      | Succumbed to an adder's poison

Vault maps used:
D:1:      lightli_arrival_quake
D:2:      first_bread

Action                   || total
-------------------------++-------
Melee: Hand axe          ||     2
 Cast: Sting             ||    37
  Use: Potion            ||     4
       Scroll            ||     3
